 Dungeon Crawl Stone Soup version 0.29-a0-360-g8ed1089bbe (webtiles) character file.

Game seed: 2236552647208929901

30 zeratav the Shooter (level 3, -1/21 HPs)
             Began as a Tengu Hunter on Apr 28, 2022.
             Slain by Terence
             ... wielding a +1 flail of protection
              (4 damage)
             ... on level 2 of the Dungeon.
             The game lasted 00:01:38 (714 turns).

zeratav the Shooter (Tengu Hunter)                   Turns: 714, Time: 00:01:39

Health: -1/21      AC:  3    Str: 11    XL:     3   Next: 20%
Magic:  4/4        EV: 12    Int:  9    God:
Gold:   76         SH:  0    Dex: 19    Spells: 2/2 levels left

rFire   . . .      SeeInvis .   a - +1 shortbow {bow}
rCold   . . .      Faith    .   (shield currently unavailable)
rNeg    . . .      Spirit   .   b - +0 leather armour
rPois   .          Reflect  .   (helmet restricted)
rElec   .          Harm     .   (no cloak)
rCorr   .          Rampage  .   (no gloves)
Will    .....                   (boots unavailable)
Stlth   ++........              (no amulet)
HPRegen 0.07/turn               (no ring)
MPRegen 0.09/turn               (no ring)

@: no status effects
A: beak, talons 3
a: no special abilities


You were on level 2 of the Dungeon.
You visited 1 branch of the dungeon, and saw 2 of its levels.

You collected 76 gold pieces.


Innate Abilities, Weirdness & Mutations

You have a beak for a mouth.
You have claws for feet.


   Skills:
 - Level 2.0 Fighting
 + Level 5.5 Bows
 - Level 2.1 Dodging
 - Level 1.0 Stealth


You had 2 spell levels left.
You didn't know any spells.
Your spell library contained the following spells:

 Spells                   Type           Power      Damage    Failure   Level
 Static Discharge         Conj/Air       0%         N/A       63%         2
 Dispel Undead            Necr           0%         3d6       99%         4
 Sticky Flame             Conj/Fire      0%         2d3       99%         4

Inventory:

Hand Weapons
 a - a +1 shortbow (weapon) {bow}
Armour
 b - a +0 leather armour (worn)
 g - a +0 ring mail
   (You found it on level 1 of the Dungeon)
 p - a +0 ring mail
   (You found it on level 1 of the Dungeon)
 r - a +0 plate armour
   (You found it on level 1 of the Dungeon)
 t - a +0 ring mail
   (You found it on level 2 of the Dungeon)
 u - a +0 chain mail
   (You found it on level 2 of the Dungeon)
Jewellery
 e - an amulet of magic regeneration {@e2}
   (You found it on level 1 of the Dungeon)
 f - a ring of ice
   (You found it on level 1 of the Dungeon)
Scrolls
 c - a scroll of immolation {!r!r}
 j - a scroll of fog {unknown}
 l - a scroll of blinking {unknown}
 n - a scroll of brand weapon {unknown}
 s - a scroll of identify {unknown}
Potions
 d - a potion of degeneration {unknown}
 h - a potion of mutation {unknown}
 i - 2 potions of flight {unknown}
 k - a potion of attraction {unknown}
 m - a potion of ambrosia {unknown}
 o - a potion of resistance {unknown}
 q - a potion of cancellation {unknown}
 v - a potion of might {unknown}

Dungeon Overview and Level Annotations

Branches:
Dungeon (2/15)

Altars:

Shops:
D:1 (

Annotations:
D:2 Terence

#.# #.# #.#
############.#
#............#
#.##########.# #..#
#..# ##.# ##.# #@#
.# #@# .# #># .# #.#
.#
.######.##########.#
...................#
#.............#####
#.#####.#.....####
#......†...#


You could see Terence.


Message History

There is an entrance to Hyqessitt's Weapon Shoppe here.
Done exploring.
Done exploring.
(D) Dungeon
Where to? (? - help)
There is a staircase leading out of the dungeon here.
There is a stone staircase leading down here.
You climb downwards.
There is a stone staircase leading up here.
A bat is nearby!
A bat is nearby!
You shoot an arrow. The arrow hits the bat!
You kill the bat!
No target in view!
No target in view!
A goblin comes into view. It is wielding a +0 dagger.
You shoot an arrow.
The arrow hits the goblin but does no damage.
The goblin shouts!
You hear a shout!
You shoot an arrow. The arrow closely misses the goblin.
You shoot an arrow. The arrow hits the goblin.
You shoot an arrow. The arrow closely misses the goblin.
No target in view!
No target in view!
A hobgoblin comes into view.
You shoot an arrow. The arrow hits the goblin!
You kill the goblin!
The hobgoblin closely misses you.
You shoot an arrow. The arrow hits the hobgoblin!
You kill the hobgoblin!
No target in view!
No target in view!
s - a scroll labelled LITAUXEURI You now have 65 gold pieces (gained 5).
You see here 33 stones {throwing}.
You see here a +0 dagger {short}.
t - a +0 ring mail You see here a +0 dagger {short}.
You see here 33 stones {throwing}.
u - a +0 chain mail You now have 76 gold pieces (gained 11).
Found a stone staircase leading down.
No target in view!
There is a stone staircase leading down here.
v - a yellow potion A frilled lizard comes into view.
You shoot an arrow. The arrow hits the frilled lizard!
You kill the frilled lizard!
No target in view!
No target in view!
You see here a frilled lizard corpse.
Terence the Incautious comes into view.
He is wielding a +1 flail of protection.
You shoot an arrow. The arrow completely misses Terence.
Unknown command.
Terence looks scornfully at you.
Terence hits you with a +1 flail of protection.
HP[-2]
You take 2 damage, and now have 19/21 hp.
Terence attacks as you move away!
Terence hits you with a +1 flail of protection!
HP[-8]
You take 8 damage, and now have 11/21 hp.
MASSIVE DAMAGE!! (PAUSE) HP[+1] Terence attacks as you move away!
Terence closely misses you.
There is a stone staircase leading down here.
Terence attacks as you move away!
Terence hits you with a +1 flail of protection.
* * * LOW HITPOINT WARNING * * *
HP[-2]
You take 2 damage, and now have 10/21 hp.
Shoot: a) +1 shortbow {bow}
Press: ? - help, Shift-Dir - straight line, f/p - Terence
Aim: Terence, wielding a +1 flail of protection and wearing a +0 chain mail (72% to hit)
You shoot an arrow.
The arrow hits Terence but does no damage.
Terence hits you but does no damage.
Shoot: a) +1 shortbow {bow}
Press: ? - help, Shift-Dir - straight line, f/p - Terence
Aim: Terence, wielding a +1 flail of protection and wearing a +0 chain mail (72% to hit)
You shoot an arrow.
The arrow hits Terence but does no damage.
Terence misses you.
Terence hits you with a +1 flail of protection!
* * * LOW HITPOINT WARNING * * *
HP[-7]
You take 7 damage, and now have 3/21 hp.
MASSIVE DAMAGE!! (PAUSE) Shoot: a) +1 shortbow {bow}
Press: ? - help, Shift-Dir - straight line, f/p - Terence
Aim: Terence, wielding a +1 flail of protection and wearing a +0 chain mail (72% to hit)
You shoot an arrow.
The arrow hits Terence but does no damage.
Terence barely misses you.
Shoot: a) +1 shortbow {bow}
Press: ? - help, Shift-Dir - straight line, f/p - Terence
Aim: Terence, wielding a +1 flail of protection and wearing a +0 chain mail (72% to hit)
You shoot an arrow. The arrow hits Terence!
Terence hits you with a +1 flail of protection.
You die...

Skill      XL: |  1  2 |
---------------+-------+-----
Bows           | 5 |  5.5
Fighting       | |  2.0
Dodging        | |  2.1
Stealth        | |  1.0

Action                   || total
-------------------------++-------
 Fire: Shortbow          ||    51
Armor: Leather armour    ||     2
Dodge: Dodged            ||     4

Levels and vault maps discovered:
D:1:      psy_arrival_wood_between_worlds, layout_basic, serial_shops, shop,
          shapermc_ecumenical_altar_acropolis, minmay_misc_feat_cross
D:2:      layout_loops_ring, uniq_terence

Notes
Turn   | Place    | Note
-------+----------+-------------------------------------------
     0 | D:1      | zeratav the Tengu Hunter began the quest for the Orb.
     0 | D:1      | Reached XP level 1. HP: 12/12 MP: 2/2
     0 | D:1      | magus.rc [v1.9.6]
   125 | D:1      | Reached XP level 2. HP: 17/17 MP: 3/3
   151 | D:1      | Reached skill level 5 in Bows
   156 | D:1      | You pick up a book of Touch and begin reading...
   156 | D:1      | You add the spells Static Discharge, Sticky Flame and
                  | Dispel Undead to your library.
   163 | D:1      | Found a faded altar of an unknown god.
   355 | D:1      | Reached XP level 3. HP: 21/21 MP: 4/4
   479 | D:1      | Found Hyqessitt's Weapon Shoppe.
   697 | D:2      | Noticed Terence
   712 | D:2      | HP: 3/21 [Terence/+1 flail of protection (7)]
   714 | D:2      | Slain by Terence

Vanquished Creatures
  A dart slug (D:1)
  3 ball pythons (D:1)
  4 endoplasms (D:1)
  2 giant cockroaches (D:1)
  3 goblins
  A hobgoblin (D:2)
  2 kobolds (D:1)
  4 bats
  4 frilled lizards
  4 rats (D:1)
28 creatures vanquished.

Table legend:
 A = Non-vault XP
 B = Vault XP
 C = Vault XP percentage of total XP
 D = Non-vault monster count
 E = Vault monster count
 F = Vault count percentage of total count
                 A         B        C        D         E       F
            +---------+---------+-------+---------+---------+-------
      Total |      44 |       0 |   0.0 |      28 |       0 |   0.0
            +---------+---------+-------+---------+---------+-------
        D:1 |      37 |       0 |   0.0 |      24 |       0 |   0.0
        D:2 |       7 |       0 |   0.0 |       4 |       0 |   0.0
            +---------+---------+-------+---------+---------+-------

Illustrated notes

Table legend:
 A = Kills in this place as a percentage of kills in entire the game.
 B = Kills by you in this place as a percentage of kills by you in the entire game.
 C = Kills by friends in this place as a percentage of kills by friends in the entire game.
 D = Other kills in this place as a percentage of other kills in the entire game.
 E = Experience gained in this place as a percentage of experience gained in the entire game.
 F = Experience gained in this place divided by the number of levels of this place that you have seen.
                   A       B       C       D       E      F
               +-------+-------+-------+-------+-------+----------------------
         Total | 100.0 | 100.0 |   N/A |   N/A | 100.0 |  22.0
       Dungeon | 100.0 | 100.0 |   N/A |   N/A | 100.0 |  22.0
               +-------+-------+-------+-------+-------+----------------------

Table legend: (Time is in decaauts)
 A = Elapsed time spent in this place.
 B = Non-inter-level travel time spent in this place.
 C = Inter-level travel time spent in this place.
 D = Time resting spent in this place.
 E = Time spent auto-exploring this place.
 F = Levels seen in this place.
 G = Mean time per level.
                   A        B        C        D        E       F      G
               +--------+--------+--------+--------+--------+-----+--------+
         Total |    729 |    692 |     37 |      0 |    564 |   2 |  364.5 |
       Dungeon |    729 |    692 |     37 |      0 |    564 |   2 |  364.5 |
               +--------+--------+--------+--------+--------+-----+--------+

Top non-repeatable levels by time:
     D:1: 583 daAuts
     D:2: 146 daAuts
